 Dungeon Crawl Stone Soup version 0.29.1-15-g9cfb28693d (webtiles) character file.

Game seed: 8316136914026107116

60 Heoruswealwe the Magician (level 3, -6/19 HPs)
             Began as a Deep Elf Earth Elementalist on Apr 12, 2023.
             Mangled by a small abomination (11 damage)
             ... created by the touch of Lugonu
             ... on level 2 of the Dungeon.
             The game lasted 00:10:53 (988 turns).

Heoruswealwe the Magician (DEEE)                     Turns: 988, Time: 00:10:55

Health: -6/19      AC:  3    Str:  5    XL:     3   Next: 82%
Magic:  3/11       EV: 12    Int: 21    God:
Gold:   82         SH:  0    Dex: 15    Spells: 5/11 levels left

rFire   . . .      SeeInvis .   (no weapon)
rCold   . . .      Faith    .   (no shield)
rNeg    . . .      Spirit   .   a - +0 robe
rPois   .          Reflect  .   k - +0 helmet
rElec   .          Harm     .   (no cloak)
rCorr   .          Rampage  .   (no gloves)
Will    .....                   (no boots)
Stlth   ++........              (no amulet)
HPRegen 0.06/turn               (no ring)
MPRegen 0.12/turn               (no ring)

@: no status effects
A: no striking features
a: no special abilities


You were on level 2 of the Dungeon.
You visited 1 branch of the dungeon, and saw 2 of its levels.

You collected 82 gold pieces.

Inventory:

Armour
 a - a +0 robe (worn)
 j - a +0 robe
 k - a +0 helmet (worn)
Scrolls
 c - 2 scrolls of identify {unknown}
 e - a scroll of vulnerability {unknown}
 g - a scroll of noise {unknown}
 i - a scroll of silence {unknown}
 m - 3 scrolls of torment {unknown}
Potions
 b - 2 potions of magic
 d - a potion of heal wounds {unknown}
 f - 2 potions of haste {unknown}
 h - 2 potions of berserk rage {unknown}
 l - a potion of curing {unknown}


   Skills:
 - Level 2.4 Dodging
 - Level 2.4 Stealth
 + Level 4.6 Spellcasting
 - Level 1.1 Transmutations
 + Level 4.4 Earth Magic


You had 5 spell levels left.
You knew the following spells:

 Your Spells              Type           Power      Damage    Failure   Level
a - Sandblast             Erth           46%        2d11      1%          1
b - Stone Arrow           Conj/Erth      28%        3d8       14%         3
z - Passwall              Tmut/Erth      13%        N/A       5%          2

Your spell library contained the following spells:

 Spells                   Type           Power      Damage    Failure   Level
 Portal Projectile        Hex/Tloc       8%         N/A       34%         3
 Tukima's Dance           Hex            4%         N/A       34%         3
 Petrify                  Tmut/Erth      16%        N/A       36%         4
 Blade Hands              Tmut           4%         N/A       89%         5


Dungeon Overview and Level Annotations

Branches:
Dungeon (2/15)

Altars:
Lugonu


Message History

The bat is moderately wounded.
The bat hits you but does no damage.
The blast of sand hits the bat!
You kill the bat!
A goblin comes into view. It is wielding a +0 club.
The blast of sand hits the goblin!
You kill the goblin!
Lugonu sends minions to punish you.
A small abomination comes into view.
The blast of sand hits the small abomination but does no damage.
The blast of sand hits the small abomination!
The small abomination is moderately damaged.
The blast of sand misses the small abomination.
The small abomination hits you.
The small abomination completely misses you.
The blast of sand hits the small abomination but does no damage.
The small abomination is moderately damaged.
The small abomination barely misses you. x2
The blast of sand hits the small abomination.
The small abomination is heavily damaged.
The small abomination barely misses you.
The small abomination completely misses you.
The blast of sand misses the small abomination.
The small abomination barely misses you.
The small abomination misses you.
The blast of sand hits the small abomination!
The small abomination is severely damaged.
The small abomination hits you!
Ouch! That really hurt!
* * * LOW HITPOINT WARNING * * *
Casting: Sandblast (safe; 1% risk of failure)
Confirm with . or Enter, or press ? or * to list all spells.
Aiming: Sandblast (safe; 1% risk of failure)
Press: ? - help, Shift-Dir - straight line, f/p - small abomination
Aim: a small abomination (severely damaged, durably summoned, 85% to hit)
The blast of sand hits the small abomination but does no damage.
The small abomination is severely damaged.
The small abomination hits you!
Ouch! That really hurt!
You die...

...............#.......#....#
..........................#.#
..............##....#.#####.##
......##'#######.............#
......#....# ##.....#########
......#....# #..#.......#
#...###..).# #.##....####
#.#.#.'....####.......#
#.#†#.....†....x@#>####
###<#.######)###...# ......#
##.##.#.# ###...# #.#...#
###.#.# .#.### ....#.# #.#
###.#.# #.# ..#.#.# #..
#.#.#..


You could see a small abomination.

Vanquished Creatures
  2 adders (D:2)
  A dart slug (D:1)
  An orc (D:2)
  4 ball pythons
  2 endoplasms (D:1)
  2 giant cockroaches
  5 hobgoblins
  5 jackals
  A kobold (D:1)
  A quokka (D:1)
  5 bats
  3 frilled lizards
  2 goblins
  2 rats
36 creatures vanquished.

Notes
Turn   | Place    | Note
-------+----------+-------------------------------------------
     0 | D:1      | Heoruswealwe the Deep Elf Earth Elementalist began the
                  | quest for the Orb.
     0 | D:1      | Reached XP level 1. HP: 10/10 MP: 6/6
    75 | D:1      | Reached XP level 2. HP: 15/15 MP: 0/8
    78 | D:1      | Learned a level 2 spell: Passwall
   697 | D:2      | Reached XP level 3. HP: 17/19 MP: 7/10
   733 | D:2      | Learned a level 3 spell: Stone Arrow
   873 | D:2      | Found a faded altar of an unknown god.
   889 | D:2      | Prayed at the altar of an unknown god.
   889 | D:2      | Became a worshipper of Lugonu the Unformed
   889 | D:2      | Reached * piety under Lugonu
   889 | D:2      | Reached ** piety under Lugonu
   890 | D:2      | Fell from the grace of Lugonu
   981 | D:2      | Noticed a small abomination
   988 | D:2      | Mangled by a small abomination

Illustrated notes

Levels and vault maps discovered:
D:1:      roderic_dead_forest, layout_loops_ring, minmay_misc_feat_alley
D:2:      layout_basic, dreamdust_ecumenical_altar_statues,
          hangedman_decor_opposing, guppyfry_early_orc_mine

Skill      XL: |  1  2 |
---------------+-------+-----
Spellcasting   | 4 |  4.6
Earth Magic    | 4 |  4.4
Dodging        | |  2.4
Stealth        | |  2.4
Transmutations | |  1.1

Action                   || total
-------------------------++-------
 Cast: Sandblast         ||    53
Invok: Renounce Religion ||     1
Armor: Robe              ||     5
Dodge: Dodged            ||    17
